 Dungeon Crawl Stone Soup version 0.27.0-1-g7a089689b8 (webtiles) character file.

Game seed: 1460451844575166711

61 bande the Covered (level 4, -5/29 HPs)
             Began as a Gargoyle Fighter on Aug 3, 2021.
             Slain by an ogre (8 damage)
             ... on level 3 of the Dungeon.
             The game lasted 00:03:15 (1724 turns).

bande the Covered (Gargoyle Fighter)                Turns: 1724, Time: 00:03:16

Health: -5/29      AC: 10    Str: 20    XL:     4   Next: 7%
Magic:  4/4        EV:  7    Int:  8    God:
Gold:   19         SH: 10    Dex: 10    Spells: 3/3 levels left

rFire    . . .     SeeInvis .   a - +1 war axe
rCold    . . .     Faith    .   c - +1 kite shield
rNeg     + . .     Spirit   .   b - +0 scale mail
rPois    ∞         Reflect  .   (no helmet)
rElec    +         Harm     .   (no cloak)
rCorr    .         Rampage  .   (no gloves)
Will     .....                  (no boots)
Stlth    ..........             f - amulet of regeneration
HPRegen  1.09/turn              (no ring)
MPRegen  0.09/turn              (no ring)

@: no status effects
A: sickness immunity, AC +3, negative energy resistance 1, electricity
resistance, torment resistance 1, petrification resistance
a: no special abilities


You were on level 3 of the Dungeon.
You visited 1 branch of the dungeon, and saw 3 of its levels.

You collected 19 gold pieces.

Inventory:

Hand Weapons
 a - a +1 war axe (weapon)
Armour
 b - a +0 scale mail (worn)
 c - a +1 kite shield (worn)
Jewellery
 f - an amulet of regeneration (around neck)
Potions
 d - a potion of might
 h - a potion of curing


   Skills:
 + Level 3.7 Fighting
 + Level 2.5 Axes
 + Level 3.8 Armour
 + Level 0.2 Dodging
 + Level 3.8 Shields


You had 3 spell levels left.
You didn't know any spells.
Your spell library contained the following spells:

 Spells                   Type           Power      Damage    Failure   Level
 Blink                    Tloc           N/A        N/A       100%        2
 Lesser Beckoning         Tloc           0%         N/A       100%        3
 Manifold Assault         Tloc           0%         N/A       100%        5


Dungeon Overview and Level Annotations

Branches:
Dungeon (3/15)

Altars:
Nemelex Xobeh

Shops:
D:2 ?


Innate Abilities, Weirdness & Mutations

You are immune to sickness and miasma.
Your stone body is resilient. (AC +3)
You are immune to poison.
You resist negative energy. (rN+)
You are resistant to electric shocks. (rElec)
You are resistant to unholy torment.
You are immune to petrification.


Message History

You miss the adder. You block the adder's attack. x2
You closely miss the adder. The adder bites you but does no damage.
The adder closely misses you.
You barely miss the adder. You block the adder's attack. The adder bites you.
You barely miss the adder. You block the adder's attack.
The adder bites you but does no damage.
You closely miss the adder. You block the adder's attack.
The adder barely misses you.
You hit the adder.
The adder is lightly wounded.
You block the adder's attack. The adder bites you but does no damage.
You closely miss the adder.
The adder is lightly wounded.
The adder bites you but does no damage. x2; You block the adder's attack.
You miss the adder.
The adder is lightly wounded.
The adder bites you but does no damage. The adder barely misses you.
You slash the adder!
You kill the adder!
You have reached level 4!
You feel stronger.
An ogre comes into view. It is wielding a +0 giant club.
The ogre shouts!
An ogre is nearby!
You barely miss the ogre.
The ogre hits you with a +0 giant club!!
Ouch! That really hurt!
* * * LOW HITPOINT WARNING * * *
You slash the ogre!
The ogre is moderately wounded.
You block the ogre's attack.
You slash the ogre!
The ogre is severely wounded.
You block the ogre's attack.
You barely miss the ogre.
The ogre is severely wounded.
The ogre hits you with a +0 giant club!
* * * LOW HITPOINT WARNING * * *
The ogre hits you with a +0 giant club!
You die...

#....####.#.#
#.....###.#.#
##.##.....#.#
#.##.#####.#
#.##.# .#
#.##.#####.# #.
#.......#
#.###.....########
#.........@O......
#####.....########
#.....# #...$.#
.....$..#
.........#
.........#
......#### ......


You could see an ogre.

Vanquished Creatures
  2 adders
  A worm (D:2)
  2 orcs
  3 ball pythons
  3 endoplasms
  7 giant cockroaches
  3 goblins
  2 hobgoblins
  3 quokkas
  2 bats
  3 kobolds
  4 rats
35 creatures vanquished.

Notes
Turn   | Place    | Note
-------+----------+-------------------------------------------
     0 | D:1      | bande the Gargoyle Fighter began the quest for the Orb.
     0 | D:1      | Reached XP level 1. HP: 14/14 MP: 1/1
   281 | D:1      | Reached XP level 2. HP: 19/19 MP: 2/2
  1074 | D:2      | Reached XP level 3. HP: 24/24 MP: 3/3
  1271 | D:2      | Found Puax's Magic Scroll Shoppe.
  1420 | D:2      | Found a sparkling altar of Nemelex Xobeh.
  1446 | D:2      | Found a faded altar of an unknown god.
  1712 | D:3      | Reached XP level 4. HP: 29/29 MP: 4/4
  1717 | D:3      | Noticed an ogre
  1724 | D:3      | Slain by an ogre

Illustrated notes

Levels and vault maps discovered:
D:1:      onia_arrival_mini_spirals, layout_rooms, minmay_misc_feat_square
D:2:      layout_loops_cross, hellmonk_ecumenical_altar_run_dry, serial_shops,
          shop, basic_altar
D:3:      layout_basic, mainiacjoe_overflow_paths, minmay_misc_feat_tower,
          minivault_5

Skill      XL: |  1  2 |
---------------+-------+-----
Axes           | 2 |  2.5
Fighting       | |  3.7
Armour         | |  3.8
Dodging        | |  0.2
Shields        | |  3.8

Action                   |  1- 3 |  4- 6 || total
-------------------------+-------+-------++-------
Melee: War axe           |   130 |     4 ||   134
  Use: Scroll            |     5 |       ||     5
       Potion            |     1 |       ||     1
Armor: Scale mail        |    65 |       ||    65
Dodge: Dodged            |    49 |       ||    49
Block: Kite shield       |    78 |     2 ||    80
